 Dungeon Crawl Stone Soup version 0.27.1-33-g824d729ab1 (webtiles) character file.

Game seed: 120945030165442337

378 zeram the Covert (level 6, 0/30 HPs)
             Began as a Spriggan Brigand on Dec 20, 2021.
             Was a Follower of Dithmenos.
             Succumbed to a kobold brigand's curare-tipped dart
             ... on level 4 of the Dungeon.
             The game lasted 00:10:05 (6292 turns).

zeram the Covert (Spriggan Brigand)                 Turns: 6292, Time: 00:10:06

Health: 0/30       AC:  3    Str:  7    XL:     6   Next: 45%
Magic:  10/10      EV: 18    Int: 14    God:    Dithmenos [*.....]
Gold:   125        SH:  0    Dex: 17    Spells: 10/10 levels left

rFire    + . .     SeeInvis +   a - +2 dagger
rCold    + . .     Faith    .   (shield restricted)
rNeg     . . .     Spirit   .   b - +0 robe
rPois    +         Reflect  .   (helmet restricted)
rElec    +         Harm     .   c - +0 cloak
rCorr    +         Rampage  .   (gloves unavailable)
Will     +....                  (boots unavailable)
Stlth    +++++.....             (no amulet)
HPRegen  0.10/turn              (no ring)
MPRegen  0.12/turn              (no ring)

@: brilliant, lethally poisoned (0 -> -6), resistant, slowed, wreathed by umbra,
quick
A: very small, no large weapons, unfitting armour, see invisible, speed 3
a: Renounce Religion


You were on level 4 of the Dungeon.
You worshipped Dithmenos.
Dithmenos was aware of your devotion.
You visited 2 branches of the dungeon, and saw 5 of its levels.

You collected 125 gold pieces.

Inventory:

Hand Weapons
 a - a +2 dagger (weapon)
 s - a +1 vampiric spear
Missiles
 e - 2 curare-tipped darts
 f - 22 poisoned darts (quivered)
Armour
 b - a +0 robe (worn)
 c - a +0 cloak (worn)
Jewellery
 d - a +6 ring of strength
Wands
 h - a wand of mindburst (6)
Scrolls
 k - a scroll of blinking {unknown}
 r - a scroll of noise {unknown}
 t - a scroll of holy word {unknown}
 v - a scroll of enchant armour {unknown}
 w - a scroll of amnesia {unknown}
Potions
 i - 3 potions of lignification
 m - a potion of mutation {unknown}
 n - 2 potions of attraction
 o - a potion of cancellation
 q - a potion of ambrosia {unknown}
 u - a potion of flight {unknown}


   Skills:
 - Level 1.6 Fighting
 + Level 4.3 Short Blades
 - Level 2.0 Throwing
 + Level 3.2 Dodging
 + Level 9.2 Stealth
 * Level 2.6 Spellcasting


You had 10 spell levels left.
You didn't know any spells.
Your spell library contained the following spells:

 Spells                   Type           Power      Damage    Failure   Level
 Corona                   Hex            2%         N/A       22%         1
 Summon Small Mammal      Summ           8%         N/A       22%         1
 Ensorcelled Hibernation  Hex/Ice        4%         N/A       34%         2
 Call Canine Familiar     Summ           2%         N/A       56%         3
 Gell's Gravitas          Tloc           1%         N/A       56%         3
 Lesser Beckoning         Tloc           1%         N/A       56%         3
 Summon Guardian Golem    Hex/Summ       2%         N/A       56%         3
 Teleport Other           Tloc           2%         N/A       56%         3
 Tukima's Dance           Hex            2%         N/A       56%         3
 Passage of Golubria      Tloc           N/A        N/A       92%         4
 Silence                  Hex/Air        1%         N/A       99%         5
 Lehudib's Crystal Spear  Conj/Erth      1%         10d2      100%        8


Dungeon Overview and Level Annotations

Branches:
Dungeon (4/15)             Temple (1/1) D:4

Altars:
Ashenzari
Cheibriados
Dithmenos
Elyvilon
Hepliaklqana
Kikubaaqudgha
Makhleb
Nemelex Xobeh
Okawaru
Qazlal
Ru
Sif Muna
Trog
Uskayaw
Wu Jian
Xom
Yredelemnul
Zin
The Shining One

Shops:
D:3 =


Innate Abilities, Weirdness & Mutations

You are very small and have problems with some larger weapons.
You are too small for most types of armour.
You have supernaturally acute eyesight. (SInv)
You cover ground extremely quickly. (Speed+++)


Message History

a +0 club; a hobgoblin corpse You feel sick.
You feel sick.
The kobold brigand throws a curare-tipped dart.
The curare-tipped dart misses you.
You feel sick.
The kobold brigand throws a curare-tipped dart.
The curare-tipped dart misses you.
You feel better.
The kobold brigand throws a curare-tipped dart.
The curare-tipped dart barely misses you.
You completely miss the kobold.
The kobold is severely wounded.
The kobold completely misses you.
You see here a +0 dagger.
You feel protected.
You feel yourself speed up. The kobold hits you with a +0 club.
You hit the kobold.
You kill the kobold!
Dithmenos accepts your kill.
You closely miss the kobold brigand.
The kobold brigand hits you with a +0 club.
As you read the scroll of teleportation, it crumbles to dust.
You feel strangely unstable.
The kobold brigand hits you with a +0 club.
* * * LOW HITPOINT WARNING * * *
You see here an adder corpse.
The kobold brigand throws a curare-tipped dart.
The curare-tipped dart completely misses you.
The kobold brigand throws a curare-tipped dart.
The curare-tipped dart hits you.
You are poisoned.
You have difficulty breathing.
* * * LOW HITPOINT WARNING * * *
You feel yourself slow down.
Okay, then.
It was a potion of brilliance.
You feel clever all of a sudden.
Your surroundings suddenly seem different.
You die...

#######.≈.8.≈.##
#.......≈...≈..#
#.#####.≈≈.≈≈..########
#.# #.≈≈.≈≈..........
#.# #.≈≈.≈≈..########
#.# ##.≈≈_≈≈.## #.#
#..≈≈≈≈≈.# #.#
#...≈≈≈..# #.#
#@.......#
#.####..##.#.##
#............#
#######.###### #.# #.#
#.# #.# #.#


There were no monsters in sight!

Vanquished Creatures
  A centaur zombie (D:4)
  A jelly (D:4)
  A hound (Temple)
  A howler monkey skeleton (D:4)
  12 gnolls
  4 adders
  An adder skeleton (D:4)
  2 worms
  2 dart slugs (D:1)
  An orc (D:4)
  5 endoplasms
  7 giant cockroaches
  7 goblins
  12 hobgoblins
  9 jackals
  8 quokkas
  11 ball pythons
  6 bats
  3 frilled lizards
  8 kobolds
  11 rats
113 creatures vanquished.

Notes
Turn   | Place    | Note
-------+----------+-------------------------------------------
     0 | D:1      | zeram the Spriggan Brigand began the quest for the Orb.
     0 | D:1      | Reached XP level 1. HP: 10/10 MP: 2/2
    64 | D:1      | Reached skill level 6 in Stealth
   157 | D:1      | Reached XP level 2. HP: 3/14 MP: 3/3
  1357 | D:1      | Reached skill level 7 in Stealth
  1357 | D:1      | Reached XP level 3. HP: 18/18 MP: 4/4
  1929 | D:2      | Found a faded altar of an unknown god.
  3218 | D:3      | Reached XP level 4. HP: 22/22 MP: 5/5
  3394 | D:3      | Found a sparkling altar of Nemelex Xobeh.
  3735 | D:3      | Reached skill level 1 in Spellcasting
  3784 | D:3      | Found Duenof's Jewellery Shop.
  3796 | D:3      | Reached XP level 5. HP: 25/25 MP: 7/7
  3840 | D:3      | Reached skill level 8 in Stealth
  4280 | D:3      | Found an iron altar of Okawaru.
  5411 | D:4      | Found a staircase to the Ecumenical Temple.
  5431 | Temple   | Entered the Ecumenical Temple
  5757 | Temple   | Became a worshipper of Dithmenos the Shadowed
  5952 | D:4      | Reached XP level 6. HP: 27/30 MP: 10/10
  6029 | D:4      | Reached skill level 9 in Stealth
  6148 | D:4      | Found a shimmering altar of Xom.
  6267 | D:4      | Reached * piety under Dithmenos
  6292 | D:4      | Succumbed to a kobold brigand's curare-tipped dart

Illustrated notes

Levels and vault maps discovered:
D:1:      sevenhm_arrival_forest_fort_small_4, layout_basic,
          hangedman_decor_growths, minmay_indecisive_spiral
D:2:      layout_basic, dreamdust_ecumenical_altar_statues
D:3:      minmay_door_path, layout_loops_ring, nemelex_diamond_rough_becter,
          mainiacjoe_overflow_tiny_flanked, serial_shops, shop
D:4:      cheibrodos_thug_alley, layout_loops_ring, mainiacjoe_overflow_catwalk,
          minmay_temple_entry_ruins, serial_shops, shop
Temple:   regret_index_temple_sphere_string

Skill      XL: |  1  2  3  4  5  6 |
---------------+-------------------+-----
Stealth        | 6 7 8 9 |  9.2
Short Blades   | 3 4 |  4.3
Dodging        | 2 3 |  3.2
Spellcasting   | 1 2 |  2.6
Fighting       | |  1.6
Throwing       | |  2.0

Action                   |  1- 3 |  4- 6 || total
-------------------------+-------+-------++-------
Melee: Dagger            |   186 |   146 ||   332
Throw: Dart              |     4 |    54 ||    58
  Use: Scroll            |       |     8 ||     8
       Potion            |       |     3 ||     3
 Stab: Sleeping          |    19 |    20 ||    39
       Distracted        |     1 |     2 ||     3
Armor: Robe              |    27 |     8 ||    35
Dodge: Dodged            |   122 |   108 ||   230
